Frizzbo, neutral female gnomish Wizard --------------- * ----------- $ |.............+ $ |.........| |.............| ##-.........| $ |............<. # |.........| * $ |.............| ### |.........| ------------.-- ---------.--- # |.........| ### $ |*.........*|### |+........| $ $ $ # $ |.....*.....|# ----------- * ### |...-----...|# #### # $ |...|.{.|...|# $ # ## ##....|{${.*..|# ########### $ -------------|- # |...|.{.|...|# #---|-- # ----------- |.......>.....| *## |...-----....# #|...(| ##-...%.....| |.....*......*| G |.....*...%.| #|..)^-#####|.........| |..............######aa |*....*....*.#####*####|....| #|......)..| --------------- ------------- ------ ----------- Frizzbo the Conjurer Experience level: 5 Strength: 10 Dexterity: 12 Constitution: 12 Intelligence: 16 Wisdom: 15 Charisma: 11 Health: 0(40) Energy: 12(37) Def: 1 Gold: 269 Moves: 2308 Dungeon seed: krdVohNgrnG18sy2 Game ID: Frizzbo_1466607133 Your Inventory: Coins $ - 269 gold pieces Weapons z - an uncursed +0 orcish dagger (weapon in hand) Armor e - an uncursed +0 cloak of magic resistance n - an uncursed +0 orcish helm (being worn) r - an uncursed +2 pair of elven boots Comestibles C - 4 uncursed food rations I - 2 uncursed cram rations P - an uncursed lichen corpse Scrolls i - an uncursed scroll of punishment j - an uncursed scroll of teleportation k - an uncursed scroll of gold detection v - an uncursed scroll of enchant weapon H - 2 uncursed scrolls of destroy armor J - a cursed scroll of enchant armor N - an uncursed scroll of remove curse O - an uncursed scroll of fire Spellbooks l - a blessed spellbook of force bolt m - an uncursed spellbook of sleep D - an uncursed spellbook of cause fear F - a cursed spellbook of teleport away G - an uncursed spellbook of detect monsters Potions g - a potion of holy water h - an uncursed potion of speed A - an uncursed potion of water Rings c - an uncursed ring of teleportation d - an uncursed ring of teleport control M - an uncursed ring of warning Wands b - an uncursed wand of polymorph (0:5) p - an uncursed wand of speed monster (0:4) Tools f - an uncursed lock pick w - an uncursed tin whistle Gems q - an uncursed worthless piece of orange glass y - 2 uncursed jade stones Spells and supernatural/magical abilities: Name Level Category Fail Memory a - force bolt 1 attack 0% 89% n - detect monsters 1 divination 0% 98% z - sleep 1 enchantment 0% 89% W - pray for help -- divine ? -- Your skills at the end: Fighting Skills Weapon Skills quarterstaff [Basic] Spellcasting Skills attack spells [Basic] enchantment spells [Basic] Final Attributes: You were piously aligned. You saw invisible. You had infravision. You were fast. You are dead. Vanquished creatures: a large mimic a leprechaun a shrieker a guardian naga hatchling 2 giant ants a floating eye a kobold lord 3 rothes 2 orc zombies a dwarf zombie a wererat an iguana 2 acid blobs a gas spore 7 manes a large kobold a giant rat 2 cave spiders 3 garter snakes a gnome zombie 3 geckos 2 jackals 2 foxes a kobold 2 goblins 4 grid bugs 3 lichens 2 kobold zombies 2 newts 55 creatures vanquished. Voluntary challenges: You used a wielded weapon 32 times, starting on turn 95. You read items or engraved 5 times, starting on turn 405. You never genocided any monsters. You never polymorphed an object. You never changed form. You used no wishes. You never split a pudding. You never wrote Elbereth's name. You violated your moral code, losing 14 points of alignment, starting on turn 1855. Dungeon overview: The Dungeons of Doom: levels 1 to 5 Level 1 a fountain a long staircase Level 2 a fountain, a sink Level 3 a weapon shop, a fountain Level 4 a long staircase Level 5 <- You were here many fountains History has recorded: On T:1 you entered the Dungeons of Doom to retrieve the Amulet of Yendor! On T:520 you reached level 2 of The Dungeons of Doom. On T:665 you advanced to experience level 2. On T:830 you reached level 3 of The Dungeons of Doom. On T:934 you advanced to experience level 3. On T:934 you advanced to experience level 4. On T:1212 you reached level 4 of The Dungeons of Doom. On T:1464 you reached level 5 of The Dungeons of Doom. On T:2217 you advanced to experience level 5. Score breakdown: Gold: 269 ( 8270 points) Experience: 5 levels (11141 points) Exploration: 5 levels ( 10.20%) ( 8660 points) Discoveries: 10 items ( 3.47%) ( 5590 points) Valuables value: (no points given unless you survive) Artifact value: 0 ( 0 points) Variety of kills: 29 monsters ( 7.61%) ( 8276 points) Turncount: 2308 turns ( -212 points) Survival: died (score multiplied by 80%) Total score: 33380 Latest messages: You destroy the orc zombie! You see here 10 rocks. The spell hits the orc zombie! You destroy the orc zombie! You see here an orc corpse. You see here 26 rocks. You hit the manes. (2x) The manes hits! (2x) The manes bites! You hit the manes. The spell misses the manes. You miss the manes. You destroy the manes! You see here a rock. You hit the lichen. (2x) You miss the lichen. You kill the lichen! You see here a lichen corpse. The giant ant bites! (2x) P - a lichen corpse. The giant ant bites! You die... Final status: Goodbye Frizzbo the Wizard, killed by a giant ant... You died in The Dungeons of Doom on dungeon level 5 with 33380 points, and 269 pieces of gold, after 2308 moves. You were level 5 with a maximum of 40 hit points when you died.